 Dungeon Crawl Stone Soup version 0.25.0-1-g7eea58d (webtiles) character file.

Game seed: 137017579703675604

10789 Illumine the Cleaver (level 11, -20/99 HPs)
             Began as a Minotaur Fighter on June 23, 2020.
             Was an Elder of Makhleb.
             Hit by a silver javelin thrown by something (31 damage)
             ... in a Gauntlet.
             The game lasted 00:14:30 (9291 turns).

Illumine the Cleaver (Minotaur Fighter)             Turns: 9291, Time: 00:14:31

Health: -20/99     AC: 17    Str: 24    XL:     11   Next: 40%
Magic:  14/14      EV: 10    Int:  5    God:    Makhleb [****..]
Gold:   371        SH:  0    Dex: 16    Spells: 10/10 levels left

rFire    . . .     SeeInvis .   a - +8 battleaxe (freeze)
rCold    . . .     Gourm    .   (shield currently unavailable)
rNeg     . . .     Faith    +   w - +0 plate armour
rPois    .         Spirit   .   (helmet restricted)
rElec    .         Reflect  .   F - +0 cloak
rCorr    .         Harm     .   (no gloves)
MR       .....     NoTele   +   t - +0 pair of boots
Stlth    ..........             d - amulet of faith
HPRegen  0.26/turn              (no ring)
MPRegen  0.14/turn              A - +6 ring of dexterity

@: confused, mighty
A: retaliatory headbutt, horns 2
a: Minor Destruction, Lesser Servant of Makhleb, Major Destruction, Renounce
Religion


You were in a Gauntlet.
You worshipped Makhleb.
Makhleb was greatly pleased with you.
You were not hungry.

You visited 3 branches of the dungeon, and saw 13 of its levels.
You also visited: Gauntlet.

You collected 371 gold pieces.

Inventory:

Hand Weapons
 a - a +8 battleaxe of freezing (weapon)
 b - the +10 shortbow "Dragonslayer" {venom, rN++ MP+9 Int+5}
   (You found it on level 8 of the Dungeon)

   It poisons the ammo it fires.
   It affects your intelligence (+5).
   It greatly protects you from negative energy.
   It affects your magic capacity (+9).
 y - a +0 war axe
Missiles
 z - 18 arrows
Armour
 c - a +0 kite shield
 k - a +2 cloak of magic resistance
 t - a +0 pair of boots (worn)
 w - a +0 plate armour (worn)
 F - a +0 cloak (worn)
 L - a scarf of resistance
Jewellery
 d - an amulet of faith (around neck)
 A - a +6 ring of dexterity (right hand)
 D - an uncursed ring of teleportation
Wands
 v - a wand of random effects (38)
 x - a wand of polymorph (15)
 B - a wand of flame (15)
 G - a wand of paralysis (9)
 K - a wand of acid (8)
Scrolls
 e - a scroll of amnesia {unknown}
 g - a scroll of fog
 j - 6 scrolls of remove curse
 l - a scroll of enchant armour {unknown}
 m - 2 scrolls of fear {unknown}
 o - 2 scrolls of noise {unknown}
 p - 2 scrolls of immolation {unknown}
 C - 3 scrolls of teleportation {unknown}
 E - a scroll of torment {unknown}
 H - a scroll of blinking {unknown}
 I - a scroll of identify
Potions
 h - a potion of degeneration
 i - 5 potions of lignification
 q - a potion of curing
 s - a potion of brilliance
 u - 3 potions of might
 J - a potion of berserk rage
Comestibles
 f - 16 rations


   Skills:
 + Level 9.7 Fighting
 * Level 11.9 Axes
 + Level 4.0 Bows
 + Level 9.6 Armour
 + Level 5.7 Dodging
 - Level 7.7 Shields
 + Level 6.4 Invocations


You had 10 spell levels left.
You didn't know any spells.
Your spell library contained the following spells:

 Spells                   Type           Power        Failure   Level  Hunger
 Beastly Appendage        Tmut           #.....       99%         1    ##.....
 Foxfire                  Conj/Fire      #...         99%         1    ##.....
 Sting                    Tmut/Pois      #...         99%         1    ##.....
 Corpse Rot               Necr/Air       N/A          100%        2    ###....
 Sticks to Snakes         Tmut           #.......     100%        2    ###....
 Call Canine Familiar     Summ           #.......     100%        3    ####...
 Spider Form              Tmut/Pois      #.........   100%        3    ####...
 Dispel Undead            Necr           #.......     100%        4    #####..
 Ice Form                 Ice/Tmut       #.......     100%        4    #####..
 Sticky Flame             Conj/Fire      #.......     100%        4    #####..
 Summon Ice Beast         Ice/Summ       #.......     100%        4    #####..
 Summon Lightning Spire   Summ/Air       #.......     100%        4    #####..
 Blade Hands              Tmut           #.........   100%        5    ######.
 Silence                  Hex/Air        #.........   100%        5    ######.
 Conjure Ball Lightning   Conj/Air       #.........   100%        6    #######
 Eringya's Noxious Bog    Tmut/Pois      #.........   100%        6    #######
 Spellforged Servitor     Conj/Summ      #.........   100%        7    #######
 Ignition                 Fire           #.........   100%        8    #######
 Tornado                  Air            #.........   100%        9    #######


Dungeon Overview and Level Annotations

Branches:
Dungeon (11/15)            Temple (1/1) D:6            Lair (1/6) D:11
Gauntlet (1/1)
    Orc: D:9-12

Altars:
Ashenzari
Dithmenos
Elyvilon
Fedhas
Kikubaaqudgha
Makhleb
Nemelex Xobeh
Sif Muna
Trog
Uskayaw
Wu Jian
Xom
Yredelemnul
The Shining One

Annotations:
Gauntlet 8 transporters


Innate Abilities, Weirdness & Mutations

You reflexively headbutt those who attack you in melee.
You have a pair of horns on your head.


Message History

A silver javelin appears from out of thin air!
The silver javelin pierces through your ynoxinul!!
The silver sears your ynoxinul!
Your ynoxinul dies!
The silver javelin pierces through you!!
* * * LOW HITPOINT WARNING * * *
x2 Unknown command.
Okay, then.
Okay, then.
Okay, then.
As you read the scroll of fog, it crumbles to dust.
The scroll dissolves into smoke.
Something hits your smoke demon! Something gores your smoke demon!
Your smoke demon dies!
You are confused.
You feel invigorated.
Okay, then.
A silver javelin appears from out of thin air!
The silver javelin pierces through you!!
You die...

.##.#..# ....#..# ##
#.#.#..#≈8≈### ###
#..©#..#...##....#
##..#..#.8....##.#
.#..#..#...##.##..
.##.#..#.8.##..§§# ##..
....#..#......##§##....#
#####..#(..##.##@§§.#
......≈#.©.##.{§§####
......∩#......##§§...∩#
......≈#.©.##(##.######
#####..#...##....#
...9#..#......##.#
##..#..#.8.##.##...
..#?#..#...##....##.#
..#.#..#.8....# .# .


There were no monsters in sight!

Vanquished Creatures
  A hydra (Lair:1)
  2 two-headed ogres
  A thrashing horror (Gauntlet)
  An unseen horror (D:11)
  A spiny frog (Lair:1)
  2 raiju (Gauntlet)
  3 hippogriffs
  8 yaks
  Sigmund (D:5)
  A small abomination (Gauntlet)
  A porcupine (Lair:1)
  2 orc warriors
  A black bear (D:9)
  A sky beast (D:10)
  3 ice beasts
  4 ogres
  A centaur (D:9)
  2 phantoms (D:6)
  A big kobold (D:7)
  3 crocodiles (Lair:1)
  7 bullfrogs
  A wyvern zombie (D:10)
  6 killer bees (D:7)
  2 scorpions
  18 wights
  6 howler monkeys
  4 crimson imps
  A centaur zombie (D:9)
  A bullfrog zombie (D:11)
  2 jellies
  A quasit (D:11)
  4 hounds
  2 bullfrog skeletons
  13 orc wizards
  2 centaur skeletons
  8 orc priests
  Ijyb (D:5)
  6 iguanas
  A lightning spire (Gauntlet)
  5 worker ants
  A howler monkey zombie (D:7)
  4 gnolls
  11 adders
  An ooze (D:1)
  An adder skeleton (D:9)
  2 worms
  A dart slug (D:1)
  3 leopard geckos
  34 orcs
  4 bats
  3 giant cockroaches
  3 goblins (D:1)
  5 hobgoblins
  11 jackals
  13 kobolds
  2 quokkas
  3 ball pythons
  A frilled lizard (D:1)
  A quokka skeleton (D:7)
  4 rats
239 creatures vanquished.

Notes
Turn   | Place    | Note
-------+----------+-------------------------------------------
     0 | D:1      | Illumine the Minotaur Fighter began the quest for the Orb.
     0 | D:1      | Reached XP level 1. HP: 19/19 MP: 0/0
   338 | D:1      | Reached XP level 2. HP: 27/27 MP: 1/1
   605 | D:1      | Reached skill level 3 in Axes
   709 | D:2      | Reached XP level 3. HP: 33/33 MP: 2/2
  1347 | D:3      | Reached XP level 4. HP: 32/41 MP: 3/3
  1523 | D:3      | Reached skill level 4 in Axes
  1532 | D:3      | Reached XP level 5. HP: 34/47 MP: 4/4
  1715 | D:3      | Found a hide-covered altar of Uskayaw.
  1718 | D:3      | Noticed a +0 dagger
  1719 | D:3      | Noticed a +0 dagger
  1919 | D:5      | Entered Level 5 of the Dungeon
  1943 | D:6      | Found a bloodstained altar of Trog.
  2144 | D:6      | Noticed a phantom
  2149 | D:6      | Reached skill level 5 in Fighting
  2149 | D:6      | Reached skill level 5 in Axes
  2149 | D:6      | Reached XP level 6. HP: 46/56 MP: 5/5
  2169 | D:6      | Reached skill level 5 in Armour
  2169 | D:6      | Reached skill level 5 in Shields
  2389 | D:6      | Found a sparkling altar of Nemelex Xobeh.
  2391 | D:6      | Found a shadowy altar of Dithmenos.
  2410 | D:6      | Found a shimmering altar of Xom.
  2412 | D:6      | Found a blossoming altar of Fedhas.
  2415 | D:6      | Found an ornate altar of the Wu Jian Council.
  2459 | D:6      | Found a staircase to the Ecumenical Temple.
  2466 | Temple   | Entered the Ecumenical Temple
  2598 | Temple   | Became a worshipper of Makhleb the Destroyer
  2807 | D:6      | Reached XP level 7. HP: 54/61 MP: 6/6
  2836 | D:6      | Reached skill level 6 in Axes
  3069 | D:5      | Noticed Ijyb
  3078 | D:5      | Killed Ijyb
  3105 | D:5      | Reached skill level 1 in Invocations
  3530 | D:5      | Noticed Sigmund
  3544 | D:5      | Killed Sigmund
  3544 | D:5      | Reached * piety under Makhleb
  3735 | D:6      | Reached skill level 7 in Axes
  3741 | D:7      | Found an ancient bone altar of Kikubaaqudgha.
  3772 | D:7      | Reached XP level 8. HP: 35/70 MP: 8/8
  4003 | D:7      | Reached skill level 8 in Axes
  4620 | D:7      | Reached ** piety under Makhleb
  5070 | D:8      | Reached XP level 9. HP: 40/79 MP: 10/10
  5122 | D:8      | Noticed a two-headed ogre
  5247 | D:8      | Got a faintly glowing shortbow
  5258 | D:7      | Reached skill level 9 in Axes
  5318 | D:7      | Reached skill level 1 in Dodging
  5506 | D:8      | Killed a two-headed ogre
  5515 | D:8      | Reached *** piety under Makhleb
  5562 | D:8      | You fall into a shaft and drop 2 floors!
  5562 | D:10     | Entered Level 10 of the Dungeon
  5942 | D:9      | Reached XP level 10. HP: 88/88 MP: 12/12
  5945 | D:9      | Reached skill level 10 in Axes
  5947 | D:9      | Identified the +10 shortbow "Dragonslayer" {venom, rN++
                  | MP+9 Int+5} (You found it on level 8 of the Dungeon)
  6104 | D:9      | Reached skill level 5 in Invocations
  6177 | D:9      | Reached **** piety under Makhleb
  6178 | D:9      | Reached skill level 1 in Bows
  6324 | D:9      | Noticed a two-headed ogre
  6330 | D:9      | Killed a two-headed ogre
  7857 | D:11     | Killed an unseen horror
  7857 | D:11     | Reached skill level 11 in Axes
  7883 | D:11     | Reached skill level 5 in Dodging
  8014 | D:11     | Reached XP level 11. HP: 95/97 MP: 14/14
  8067 | D:11     | Identified Sif Muna's Reference Book on Nocuous Ignition
  8234 | D:11     | Found a staircase to the Lair.
  8304 | Lair:1   | Entered Level 1 of the Lair of Beasts
  8362 | Lair:1   | Reached ***** piety under Makhleb
  8393 | Lair:1   | Noticed a six-headed hydra
  8407 | Lair:1   | Killed a 12-headed hydra
  8413 | Lair:1   | Identified the Tome of Sinister Magic and Summoning
  8429 | Lair:1   | Found a gate leading to a gauntlet.
  8445 | Gauntlet | Entered a Gauntlet
  8445 | Gauntlet | Found a transporter.
  8445 | Gauntlet | Found a transporter.
  8445 | Gauntlet | Noticed a thrashing horror
  8445 | Gauntlet | Noticed a thrashing horror
  8651 | Gauntlet | Found a transporter.
  8651 | Gauntlet | Found a transporter.
  8661 | Gauntlet | Found a transporter.
  8669 | Gauntlet | Found a transporter.
  8669 | Gauntlet | Noticed a catoblepas
  8675 | Gauntlet | Found a transporter.
  8683 | Gauntlet | Found a transporter.
  8701 | Gauntlet | Found a transporter.
  8709 | Gauntlet | Found a transporter.
  8726 | Gauntlet | Found a transporter.
  8778 | Gauntlet | Found a transporter.
  8911 | Gauntlet | Killed a thrashing horror
  9275 | Gauntlet | Noticed a minotaur
  9288 | Gauntlet | HP: 4/99 [something (26)]
  9291 | Gauntlet | Hit by a silver javelin thrown by something

Illustrated notes

Levels and vault maps discovered:
D:1:      dpeg_arrival_circle_labyrinth_a, layout_basic, minmay_pentomino_q4
D:2:      layout_loops_ring
D:3:      layout_basic, dancing_weapons_uskayaw
D:4:      layout_loops_corners, minitemple, minmay_fountain_box
D:5:      layout_cave_pools, first_ration, minmay_misc_feat_roman, uniq_sigmund,
          uniq_ijyb
D:6:      layout_basic, nicolae_overflow_hidden_temple,
          minmay_temple_entry_nine_rooms, basic_altar, grunt_ministairs_7,
          brannock_xom_greatest_gift
D:7:      layout_rooms, basic_altar
D:8:      layout_rooms
D:9:      layout_irregular_city
D:10:     layout_basic
D:11:     layout_big_octagon, lair_entry_dummy
Temple:   minmay_temple_curvy_branch
Lair:1:   layout_misc_corridors, gauntlet_entry_generic,
          minmay_lair_oklob_chamber
Gauntlet: gammafunk_gauntlet_shortcut [gammafunk_gauntlet_arena_chambers,
          nicolae_gauntlet_arena_grate_2, gammafunk_gauntlet_arena_split_x,
          nicolae_gauntlet_arena_blocks, gammafunk_gauntlet_arena_split_diamond,
          nicolae_gauntlet_arena_quarters, gauntlet_exit_green]

Skill      XL: |  1  2  3  4  5  6  7  8  9 10 11 |
---------------+----------------------------------+-----
Fighting       | 4 5 6 7 8 9 |  9.7
Axes           | 3 4 5 7 8 9 11 | 11.9
Armour         | 4 5 7 8 9 |  9.6
Shields        | 4 5 6 7 |  7.7
Invocations    | 1 3 4 5 6 |  6.4
Dodging        | 3 5 |  5.7
Bows           | 3 4 |  4.0

Action                   |  1- 3 |  4- 6 |  7- 9 | 10-12 || total
-------------------------+-------+-------+-------+-------++-------
Melee: War axe           |    57 |    89 |   287 |       ||   433
       Headbutt          |    13 |    21 |    56 |    28 ||   118
       Battleaxe         |       |       |    36 |   123 ||   159
Invok: Lesser Servant of |       |       |       |     2 ||     2
Evoke: Wand              |       |       |       |     2 ||     2
  Use: Scroll            |       |     5 |     1 |    12 ||    18
       Potion            |       |       |     3 |     3 ||     6
  Eat: Chunk             |     1 |     5 |    11 |     8 ||    25
       Ration            |       |       |       |     1 ||     1
Armor: Scale mail        |    22 |    11 |       |       ||    33
       Chain mail        |       |    38 |    50 |       ||    88
       Plate armour      |       |       |   181 |   116 ||   297
Dodge: Dodged            |    21 |    13 |    80 |    96 ||   210
Block: Kite shield       |    27 |    44 |   176 |       ||   247
